 Dungeon Crawl Stone Soup version 0.29-a0-322-g68df515428 (webtiles) character file.

Game seed: 10486677256576396693

18 GigaChad the Grasshopper (level 2, 0/28 HPs)
             Began as a Troll Warper on Apr 6, 2022.
             Slain by a goblin
             ... wielding a +0 dagger
              (3 damage)
             ... on level 1 of the Dungeon.
             The game lasted 00:00:44 (141 turns).

GigaChad the Grasshopper (Troll Warper)              Turns: 141, Time: 00:00:45

Health: 0/28       AC:  4    Str: 18    XL:     2   Next: 48%
Magic:  3/3        EV: 10    Int:  9    God:
Gold:   13         SH:  0    Dex:  9    Spells: 3/3 levels left

rFire   . . .      SeeInvis .     - Unarmed
rCold   . . .      Faith    .   (no shield)
rNeg    . . .      Spirit   .   a - +0 robe
rPois   .          Reflect  .   (helmet restricted)
rElec   .          Harm     .   (no cloak)
rCorr   .          Rampage  .   (gloves unavailable)
Will    .....                   (boots unavailable)
Stlth   +.........              (no amulet)
HPRegen 0.89/turn               (no ring)
MPRegen 0.08/turn               (no ring)

@: no status effects
A: large, unfitting armour, claws 3, regeneration 1, shaggy fur 1, tough skin 1
a: no special abilities


You were on level 1 of the Dungeon.
You visited 1 branch of the dungeon, and saw 1 of its levels.

You collected 13 gold pieces.

Inventory:

Missiles
 c - 7 boomerangs of dispersal (quivered)
 f - 3 poisoned darts
Armour
 a - a +0 robe (worn)
Scrolls
 b - a scroll of blinking
 d - 2 scrolls of identify {unknown}
 e - a scroll of amnesia {unknown}


   Skills:
 + Level 1.7 Fighting
 + Level 0.8 Throwing
 + Level 2.0 Dodging
 + Level 2.1 Unarmed Combat
 + Level 1.4 Spellcasting
 + Level 2.4 Translocations


You had 3 spell levels left.
You didn't know any spells.
Your spell library contained the following spells:

 Spells                   Type           Power      Damage    Failure   Level
 Blink                    Tloc           10%        N/A       19%         2
 Gell's Gravitas          Tloc           5%         N/A       36%         3
 Lesser Beckoning         Tloc           5%         N/A       36%         3
 Teleport Other           Tloc           5%         N/A       36%         3
 Manifold Assault         Tloc           5%         N/A       98%         5


Dungeon Overview and Level Annotations

Branches:
Dungeon (1/15)

Altars:

Shops:
D:1 *


Innate Abilities, Weirdness & Mutations

You are too large for most types of armour.
You have claws for hands.
Your natural rate of healing is unusually fast.
You are covered in fur. (AC +1)
You have tough skin. (AC +1)


Message History

The kobold hits you with a +0 club. The goblin barely misses you.
The goblin hits you but does no damage. The frilled lizard closely misses you.
You barely miss the kobold. The giant cockroach closely misses you.
The kobold hits you with a +0 club.
* * * LOW HITPOINT WARNING * * *
The goblin completely misses you. The goblin hits you with a +0 club.
* * * LOW HITPOINT WARNING * * *
The goblin hits you with a +0 dagger.
* * * LOW HITPOINT WARNING * * *
The frilled lizard barely misses you.
A kobold comes into view. It is wielding a +0 short sword.
You closely miss the giant cockroach.
The giant cockroach bites you but does no damage.
The kobold barely misses you. The goblin hits you with a +0 club.
* * * LOW HITPOINT WARNING * * *
The goblin barely misses you. The goblin hits you but does no damage.
The frilled lizard barely misses you.
You scratch the giant cockroach but do no damage.
The giant cockroach bites you but does no damage.
You claw the kobold!
You kill the kobold!
The giant cockroach bites you.
* * * LOW HITPOINT WARNING * * *
The goblin hits you but does no damage. The goblin hits you with a +0 club.
* * * LOW HITPOINT WARNING * * *
The frilled lizard closely misses you. The goblin hits you but does no damage.
The giant cockroach barely misses you.
You claw the giant cockroach!
You kill the giant cockroach!
The goblin misses you. The goblin hits you but does no damage.
The goblin barely misses you.
The frilled lizard bites you but does no damage.
The goblin misses you. The goblin hits you but does no damage.
The frilled lizard bites you.
* * * LOW HITPOINT WARNING * * *
The goblin attacks as you move away! The goblin hits you but does no damage.
The goblin attacks as you move away! The goblin hits you but does no damage.
The frilled lizard bites you but does no damage.
The goblin hits you with a +0 dagger.
You die...

#..###........
.............
............
#...........
####.....K..... #
#..............
#.###.###.l).......
#.......@gg.)..#
####.####g.....# #.#
#......# #.# ###.####
#.# #..# #######
#.#######.# #.....#
#.......#.#
#.....#######....#.#.##
'.....'.)...'∩..).....#


You could see 3 goblins, a kobold and a frilled lizard.

Vanquished Creatures
  A gnoll (D:1)
  A giant cockroach (D:1)
  2 goblins (D:1)
  A quokka (D:1)
  A ball python (D:1)
  2 kobolds (D:1)
8 creatures vanquished.

Notes
Turn   | Place    | Note
-------+----------+-------------------------------------------
     0 | D:1      | GigaChad the Troll Warper began the quest for the Orb.
     0 | D:1      | Reached XP level 1. HP: 19/19 MP: 1/1
    51 | D:1      | Found Laun's General Store.
    61 | D:1      | Reached XP level 2. HP: 22/27 MP: 3/3
   137 | D:1      | HP: 1/27 [goblin/+0 club (1)]
   141 | D:1      | Slain by a goblin

Illustrated notes

Levels and vault maps discovered:
D:1:      wander_arrival_peaceful_grave, layout_basic, serial_shops, shop

Skill      XL: |  1 |
---------------+----+-----
Dodging        | 2 |  2.0
Fighting       | |  1.7
Throwing       | |  0.8
Unarmed Combat | |  2.1
Spellcasting   | |  1.4
Translocations | |  2.4

Action                   || total
-------------------------++-------
Melee: Unarmed           ||    30
       Punch             ||     1
Armor: Robe              ||    29
Dodge: Dodged            ||    29

Table legend: (Time is in decaauts)
 A = Elapsed time spent in this place.
 B = Non-inter-level travel time spent in this place.
 C = Inter-level travel time spent in this place.
 D = Time resting spent in this place.
 E = Time spent auto-exploring this place.
 F = Levels seen in this place.
 G = Mean time per level.
                   A        B        C        D        E       F      G
               +--------+--------+--------+--------+--------+-----+--------+
         Total |    139 |    139 |      0 |      0 |      0 |   1 |  139.0 |
       Dungeon |    139 |    139 |      0 |      0 |      0 |   1 |  139.0 |
               +--------+--------+--------+--------+--------+-----+--------+

Top non-repeatable levels by time:
     D:1: 139 daAuts
